 Dungeon Crawl Stone Soup version 0.25-b1-23-ge2ad7d536c (webtiles) character file.

Game seed: 12054763875278351962, levelgen mode: deterministic

85 Esekla the Magician (level 4, 0/27 HPs)
             Began as an Octopode Wizard on June 3, 2020.
             Shot with an arrow by a centaur (10 damage)
             ... on level 2 of the Dungeon.
             The game lasted 00:14:00 (2986 turns).

Esekla the Magician (Octopode Wizard)               Turns: 2986, Time: 00:14:00

Health: 0/27       AC:  1    Str:  7    XL:     4   Next: 48%
Magic:  10/10      EV: 13    Int: 20    God:
Gold:   115        SH:  0    Dex: 10    Spells: 2/11 levels left

rFire    . . .     SeeInvis .   l - +2 dagger (elec)
rCold    . . .     Gourm    .   (no shield)
rNeg     . . .     Faith    .   a - +0 hat
rPois    .         Spirit   .   (no amulet)
rElec    .         Reflect  .   (no ring)
rCorr    .         Harm     .   (no ring)
MR       .....                  (no ring)
Stlth    +++.......             (no ring)
HPRegen  0.09/turn              (no ring)
MPRegen  0.12/turn              (no ring)
                                (no ring)
                                (no ring)

@: no status effects
A: almost no armour, stealthy swim, amphibious, 8 rings, constrict 8, camouflage
1, gelatinous body 1
a: no special abilities


You were on level 2 of the Dungeon.
You were not hungry.

You visited 1 branch of the dungeon, and saw 2 of its levels.

You collected 115 gold pieces.

Inventory:

Hand Weapons
 b - a +0 dagger
 l - a +2 dagger of electrocution (weapon)
Missiles
 i - 4 boomerangs (quivered)
Armour
 a - a +0 hat (worn)
Scrolls
 d - 3 scrolls of identify {unknown}
 e - 3 scrolls of teleportation {unknown}
 g - a scroll of remove curse {unknown}
 h - a scroll of magic mapping {unknown}
 j - a scroll of enchant weapon {unknown}
 n - 2 scrolls of fear {unknown}
 o - a scroll of blinking {unknown}
 q - a scroll of enchant armour {unknown}
Potions
 f - 3 potions of haste {unknown}
 k - a potion of might {unknown}
 m - a potion of ambrosia {unknown}
 p - 3 potions of heal wounds {unknown}
Comestibles
 c - 4 rations
 r - 4 chunks of flesh


   Skills:
 * Level 0.7 Fighting
 * Level 0.6 Short Blades
 + Level 2.1 Dodging
 - Level 2.6 Stealth
 * Level 4.2 Spellcasting
 + Level 1.4 Conjurations
   Level 1.0 Summonings
 * Level 1.3 Translocations
 * Level 0.2 Air Magic
 * Level 0.5 Poison Magic


You had 2 spell levels left.
You knew the following spells:

 Your Spells              Type           Power        Failure   Level  Hunger
a - Magic Dart            Conj           ##..         7%          1    None
b - Blink                 Tloc           N/A          11%         2    #......
c - Mephitic Cloud        Conj/Pois/Air  #.......     28%         3    ###....
f - Conjure Flame         Conj/Fire      #.......     28%         3    ###....

Your spell library contained the following spells:

 Spells                   Type           Power        Failure   Level  Hunger
 Call Imp                 Summ           #.......     13%         2    #......
 Slow                     Hex            #.......     19%         2    #......


Dungeon Overview and Level Annotations

Branches:
Dungeon (2/15)

Altars:


Innate Abilities, Weirdness & Mutations

You cannot wear most types of armour.
You are very stealthy in the water. (Stealth+)
You are amphibious.
You can wear up to eight rings at the same time.
You can use your tentacles to constrict eight enemies at once.
Your skin changes colour to match your surroundings (Stealth+).
Your rubbery body absorbs attacks. (AC +1, EV +1)


Message History

HP restored.
Eating one of 7 chunks of flesh.
You eat one of the 7 chunks of flesh.
This raw flesh tastes terrible.
There is an open door here.
Things that are here:
a +0 hunting sling; 12 stones You see here a stone.
You see here a whip.
Some of the chunks of flesh in your inventory have rotted away.
The centaur is too close now for your liking.
A goblin comes into view.
The centaur shouts!
The centaur wields a cursed +0 shortbow.
The centaur shoots an arrow.
The arrow hits you!
The goblin shouts!
You see here an arrow.
The centaur shoots an arrow.
The arrow hits you.
The goblin wields a +0 hunting sling.
The goblin shoots a stone.
The stone hits you.
The centaur shoots an arrow.
The arrow hits you!
You die...

#.###.#...'.# #.##### #.....
#.###.##.##รท# #.#...# #.....
#.#....###..####.#.#.#####.....
#.#............................
##.#.......######.#.#.#####.####
#.........................#.#
############................####
#########.....>..............
......?.....@..#######.######
...........(#### #......#
............# #......#
............# #......#
......(.....# #......#
............# #......#
............# #.......
......cg....# ##.....# ........#
#.....#


You could see a centaur and a goblin.

Vanquished Creatures
  3 oozes
  A worm (D:2)
  A dart slug (D:1)
  2 leopard geckos
  3 ball pythons
  A bat (D:2)
  9 giant cockroaches
  10 goblins
  8 hobgoblins
  4 jackals (D:2)
  5 kobolds
  5 frilled lizards
  A quokka zombie (D:2)
  4 rats
57 creatures vanquished.

Notes
Turn   | Place    | Note
-------+----------+-------------------------------------------
     0 | D:1      | Esekla the Octopode Wizard began the quest for the Orb.
     0 | D:1      | Reached XP level 1. HP: 11/11 MP: 4/4
   148 | D:1      | Reached XP level 2. HP: 5/17 MP: 1/6
   153 | D:1      | Learned a level 2 spell: Blink
  1297 | D:1      | Reached XP level 3. HP: 19/21 MP: 0/8
  1302 | D:1      | Learned a level 3 spell: Mephitic Cloud
  1306 | D:1      | Learned a level 3 spell: Conjure Flame
  1753 | D:2      | Reached skill level 4 in Spellcasting
  1999 | D:2      | Reached XP level 4. HP: 23/27 MP: 10/10
  2415 | D:2      | Noticed a centaur
  2986 | D:2      | Shot with an arrow by a centaur

Illustrated notes

Levels and vault maps discovered:
D:1:      grunt_arrival_lava_bath, layout_basic, chequers_serial_rivers_micro_d
D:2:      minmay_roachtagon, layout_basic, minmay_joined_circles

Skill      XL: |  1  2  3 |
---------------+----------+-----
Spellcasting   | 4 |  4.2
Fighting       | |  0.7
Short Blades   | |  0.6
Dodging        | |  2.1
Stealth        | |  2.6
Conjurations   | |  1.4
Summonings     | |  1.0
Translocations | |  1.3
Air Magic      | |  0.2
Poison Magic   | |  0.5

Action                   |  1- 3 |  4- 6 || total
-------------------------+-------+-------++-------
Melee: Dagger            |    58 |    36 ||    94
       Constrict         |    12 |     8 ||    20
       Tentacles         |     8 |     3 ||    11
Throw: Boomerang         |       |     1 ||     1
 Cast: Magic Dart        |    52 |    13 ||    65
       Mephitic Cloud    |       |     3 ||     3
 Stab: Sleeping          |     3 |     1 ||     4
       Confused          |       |     1 ||     1
  Eat: Chunk             |     3 |     4 ||     7
Armor: Skin              |       |     3 ||     3
Dodge: Dodged            |    38 |    25 ||    63
